 Dungeon Crawl Stone Soup version 0.32-a0-4-g72778bb (webtiles) character file.

Game seed: 4610735061673022072

311 lunatic the Firebug (level 6, -1/49 HPs)
             Began as a Naga Fire Elementalist on Jan 13, 2024.
             Slain by Duvessa
             ... wielding a +0 short sword
              (13 damage)
             ... on level 4 of the Dungeon.
             The game lasted 00:09:32 (2965 turns).

lunatic the Firebug (Naga Fire Elementalist)        Turns: 2965, Time: 00:09:33

Health: -1/49      AC:  3    Str: 12    XL:     6   Next: 42%
Magic:  5/10       EV: 10    Int: 17    God:
Gold:   201        SH:  0    Dex: 12    Spells: 2/11 levels left

rFire   + . .        a - +5 mace of Bupsua {spect, Str+2}
rCold   x . .        (no shield)
rNeg    . . .        e - +0 robe
rPois   +            (no helmet)
rElec   .            (no cloak)
rCorr   .            (no gloves)
SInv    +            (no barding)
Will    .....        (no amulet)
Stlth   ++           i - ring of fire
HPRegen 0.28/turn    (no ring)
MPRegen 0.12/turn

%: no passive effects
@: very slow
A: AC +2, large, see invisible, deformed body, poison resistance, slowness 2,
spit poison 1, naga tail 1
a: Spit Poison


You were on level 4 of the Dungeon.
You visited 1 branch of the dungeon, and saw 4 of its levels.

You collected 201 gold pieces.

Inventory:

Hand Weapons
 a - the +5 mace of Bupsua (weapon) {spect, Str+2}
   (You took it off a kobold on level 4 of the Dungeon)

   Str+2:     It affects your strength (+2).
 b - a +3 dagger of speed
 u - a +3 short sword of venom
Armour
 e - a +0 robe (worn)
Jewellery
 i - a ring of fire (left hand)
Wands
 l - a wand of flame (19)
 n - a wand of charming (6)
 t - a wand of roots (7)
Scrolls
 d - a scroll of revelation {unknown}
 f - 3 scrolls of teleportation
 j - a scroll of vulnerability {unknown}
 q - a scroll of enchant armour {unknown}
 r - a scroll of enchant weapon
 v - a scroll of noise {unknown}
Potions
 g - a potion of attraction {unknown}
 h - a potion of resistance {unknown}
 k - a potion of magic
 m - 2 potions of curing
 o - a potion of berserk rage {unknown}
 p - a potion of heal wounds {unknown}
 s - 2 potions of degeneration {unknown}


   Skills:
 - Level 1.5 Dodging
 - Level 3.0 Stealth
 - Level 3.0 Spellcasting
 + Level 3.2 Conjurations
 + Level 1.8 Hexes
 - Level 2.0 Translocations
 + Level 4.6 Fire Magic


You had 2 spell levels left.
You knew the following spells:

 Your Spells              Type           Power      Damage    Failure   Level
a - Foxfire               Conj/Fire      92%        2x1d8     3%          1
b - Scorch                Fire           54%        2d7       3%          2
c - Volatile Blastmotes   Fire/Tloc      40%        2d13      13%         3
d - Inner Flame           Hex/Fire       20%        N/A       14%         3

Your spell library contained the following spells:

 Spells                   Type           Power      Damage    Failure   Level
 Lesser Beckoning         Tloc           18%        N/A       12%         2
 Ensorcelled Hibernation  Hex/Ice        10%        N/A       19%         2
 Gell's Gravitas          Tloc           9%         N/A       22%         3
 Teleport Other           Tloc           9%         N/A       22%         3
 Flame Wave               Conj/Fire      23%        2d8       34%         4
 Fugue of the Fallen      Necr           2%         N/A       45%         3
 Sticky Flame             Fire/Alch      15%        2d5       54%         4
 Anguish                  Hex/Necr       2%         N/A       77%         4


Dungeon Overview and Level Annotations

Branches:
Dungeon (4/15)
 Temple: D:4-7

Altars:

Shops:
D:2 :

Annotations:
D:4 Duvessa


Innate Abilities, Weirdness & Mutations

Your serpentine skin is tough. (AC +2)
You have supernaturally acute eyesight. (SInv)
Armour fits poorly on your strangely shaped body.
Your system is resistant to poisons. (rPois)
You cover ground very slowly.
You can spit poison.
You have a snake-like lower body.


Message History

You feel a bond with the +5 mace of Bupsua {spect, Str+2}.
a - the +5 mace of Bupsua (weapon)
{spect, Str+2}
v - a scroll labelled LIUJUF XIECOENOUS You open the door.
There is an open door here.
Found a stone staircase leading down.
There is a stone staircase leading down here.
Found a club.
Duvessa shouts!
Duvessa hits you with a +0 short sword.
Casting: Foxfire (safe; 3% risk of failure)
Confirm with . or Enter, or press ? or * to list all spells.
You feel a surge of power!
Flames lash Duvessa but do no damage.
Duvessa hits you with a +0 short sword!
Unknown command.
Casting: Scorch (safe; 3% risk of failure)
Confirm with . or Enter, or press ? or * to list all spells.
You feel a surge of power!
Flames lash Duvessa.
Duvessa is lightly wounded.
Duvessa's fire resistance burns away.
Duvessa hits you with a +0 short sword! Duvessa hits you with a +0 short sword.
Duvessa hits you with a +0 short sword!
Casting: Scorch (safe; 3% risk of failure)
Confirm with . or Enter, or press ? or * to list all spells.
You feel a surge of power!
You conjure some foxfire!
Duvessa is no longer more vulnerable to fire.
Duvessa hits you with a +0 short sword.
* * * LOW HITPOINT WARNING * * *
Okay, then.
Okay, then.
It was a potion of curing.
You feel better.
The foxfire hits Duvessa.
Duvessa is moderately wounded.
The foxfire hits Duvessa.
Duvessa is moderately wounded.
Duvessa hits you with a +0 short sword. Duvessa hits you with a +0 short sword!
* * * LOW HITPOINT WARNING * * *
The air fills with toxic fumes!
As you read the scroll labelled PAROTU INUG, it crumbles to dust.
It was a scroll of poison.
Duvessa hits you with a +0 short sword!
You die...

###############
......§§§.....#
#######§#####.# #§# #...#
...#######§###§############
...§§§§§§§@§§§§§§§.........
...#######e##§§§###########
#§##..§§§.........
§§##...#§#########
#..§§###.##.# #.§§§# #.##.#
...#.§§§# #.##.# ..##§§§§#
#.##.# #.##....#
#.##.#########


You could see Duvessa (berserk).

Vanquished Creatures
  An ogre (D:2)
  A bombardier beetle (D:3)
  Terence (D:3)
  An orc wizard (D:3)
  3 adders
  2 dart slugs
  6 orcs
  3 bats (D:2)
  4 endoplasms
  3 giant cockroaches
  4 hobgoblins
  7 kobolds
  5 quokkas
  5 ball pythons
  2 frilled lizards
  6 goblins (D:1)
  4 rats (D:2)
58 creatures vanquished.

Vanquished Creatures (collateral kills)
  Dowan (D:4)
1 creature vanquished.

Vanquished Creatures (others)
  150 foxfires
150 creatures vanquished.

Grand Total: 209 creatures vanquished

Notes
Turn   | Place    | Note
-------+----------+-------------------------------------------
     0 | D:1      | lunatic the Naga Fire Elementalist began the quest for the
                  | Orb.
     0 | D:1      | Reached XP level 1. HP: 15/15 MP: 3/3
   185 | D:1      | Reached XP level 2. HP: 22/22 MP: 0/5
   255 | D:1      | Learned a level 2 spell: Scorch
   744 | D:1      | Reached XP level 3. HP: 28/28 MP: 3/6
  1251 | D:2      | Noticed an ogre
  1257 | D:2      | Learned a level 3 spell: Volatile Blastmotes
  1385 | D:2      | Killed an ogre
  1386 | D:2      | Reached skill level 1 in Translocations
  1386 | D:2      | Reached skill level 4 in Fire Magic
  1386 | D:2      | Reached XP level 4. HP: 17/36 MP: 0/8
  1386 | D:2      | Reached XP level 5. HP: 20/42 MP: 0/9
  1390 | D:2      | Learned a level 3 spell: Inner Flame
  1652 | D:2      | Found Maeph's Book Boutique.
  2068 | D:3      | Noticed Terence
  2072 | D:3      | Killed Terence
  2073 | D:3      | Reached skill level 1 in Hexes
  2225 | D:3      | Reached XP level 6. HP: 45/49 MP: 6/10
  2700 | D:4      | Noticed Duvessa
  2703 | D:4      | Noticed Dowan
  2715 | D:4      | Killed Dowan
  2892 | D:4      | Identified the +5 mace of Bupsua {spect, Str+2}
  2965 | D:4      | Slain by Duvessa

Illustrated notes

Levels and vault maps discovered:
D:1:      dpeg_arrival_long_road, layout_basic, nicolae_houndstooth_variations
D:2:      layout_rooms, serial_shops, nicolae_book_shop_shelving,
          nicolae_underground_beach
D:3:      minmay_door_path, layout_rooms, uniq_terence
D:4:      cheibrodos_greedy_goblins, layout_basic,
          nicolae_overflow_guarded_unrand_okawaru_victory, uniq_duvessa

Skill      XL: |  1  2  3  4  5 |
---------------+----------------+-----
Conjurations   | 2 3 |  3.2
Spellcasting   | 3 |  3.0
Translocations | 1 2 |  2.0
Fire Magic     | 4 |  4.6
Hexes          | 1 |  1.8
Dodging        | |  1.5
Stealth        | |  3.0

Action                     |  1- 3 |  4- 6 || total
---------------------------+-------+-------++-------
  Melee: Unarmed           |     3 |       ||     3
         Punch             |     1 |       ||     1
         Dagger            |     6 |       ||     6
   Cast: Foxfire           |    52 |    42 ||    94
         Scorch            |     3 |     8 ||    11
Ability: Spit Poison       |     2 |     3 ||     5
  Evoke: Wand              |       |     2 ||     2
    Use: Scroll            |       |     3 ||     3
         Potion            |       |     1 ||     1
 Armour: Robe              |    36 |    16 ||    52
  Dodge: Dodged            |    21 |    10 ||    31

Table legend: (Time is in decaauts)
 A = Elapsed time spent in this place.
 B = Non-inter-level travel time spent in this place.
 C = Inter-level travel time spent in this place.
 D = Time resting spent in this place.
 E = Time spent auto-exploring this place.
 F = Levels seen in this place.
 G = Mean time per level.
                   A        B        C        D        E       F      G
               +--------+--------+--------+--------+--------+-----+--------+
         Total |   3677 |   3606 |     71 |     38 |   3024 |   4 |  919.2 |
       Dungeon |   3677 |   3606 |     71 |     38 |   3024 |   4 |  919.2 |
               +--------+--------+--------+--------+--------+-----+--------+

Top non-repeatable levels by time:
     D:1: 1239 daAuts
     D:2: 1065 daAuts
     D:3: 694 daAuts
     D:4: 677 daAuts
